 Dungeon Crawl Stone Soup version 0.28-a0-957-g42eb19b844 (webtiles) character file.

Game seed: 11462658070860783957

54 vurker the Gusty (level 3, 0/15 HPs)
             Began as a Felid Air Elementalist on Nov 30, 2021.
             Was an Initiate of Vehumet.
             Slain by a gnoll (1 damage)
             ... on level 3 of the Dungeon.
             The game lasted 00:01:08 (2108 turns).

vurker the Gusty (Felid Air Elementalist)           Turns: 2108, Time: 00:01:09

Health: 0/15       AC:  1    Str:  4    XL:     3   Next: 66%
Magic:  8/8        EV: 17    Int: 18    God:    Vehumet [......]
Gold:   43         SH:  0    Dex: 16    Spells: 6/7 levels left
                                        Lives:  0   Deaths: 0

rFire   . . .      SeeInvis +   (weapon unavailable)
rCold   . . .      Faith    .   (shield unavailable)
rNeg    . . .      Spirit   .   (armour unavailable)
rPois   .          Reflect  .   (helmet unavailable)
rElec   .          Harm     .   (cloak unavailable)
rCorr   .          Rampage  .   (gloves unavailable)
Will    .....                   (boots unavailable)
Stlth   ++........              (no amulet)
HPRegen 0.05/turn               (no ring)
MPRegen 0.11/turn               (no ring)

@: quick
A: very small, claws 1, fangs 3, see invisible, speed 1, shaggy fur 1, stealthy
paws, no weapons or thrown items, no armour, multi-lived
a: Renounce Religion


You were on level 3 of the Dungeon.
You worshipped Vehumet.
Vehumet was noncommittal.
You visited 1 branch of the dungeon, and saw 3 of its levels.

You collected 43 gold pieces.

Inventory:

Wands
 h - a wand of charming (9)
   (You found it on level 2 of the Dungeon)
Scrolls
 a - a scroll of enchant armour {unknown}
 b - a scroll of fear {unknown}
 c - a scroll of identify {unknown}
 g - a scroll of holy word {unknown}
Potions
 d - a potion of heal wounds {unknown}
 e - 2 potions of flight {unknown}
 f - 2 potions of ambrosia {unknown}


   Skills:
 + Level 1.1 Fighting
 - Level 2.6 Dodging
 - Level 2.6 Stealth
 * Level 2.7 Spellcasting
 + Level 1.3 Conjurations
 * Level 3.3 Air Magic


You had 6 spell levels left.
You knew the following spells:

 Your Spells              Type           Power      Damage    Failure   Level
a - Shock                 Conj/Air       40%        1d5       6%          1

Your spell library contained the following spells:

 Spells                   Type           Power      Damage    Failure   Level
 Static Discharge         Conj/Air       10%        N/A       10%         2
 Swiftness                Air            14%        N/A       13%         3
 Airstrike                Air            7%         N/A       38%         4


Dungeon Overview and Level Annotations

Branches:
Dungeon (3/15)

Altars:
Vehumet


Innate Abilities, Weirdness & Mutations

You have sharp claws.
You have razor-sharp teeth.
You have supernaturally acute eyesight. (SInv)
You cover ground quickly. (Speed+)
You are covered in fur. (AC +1)
Your paws help you pounce on unaware monsters.
You are incapable of wielding weapons or throwing items.
You cannot wear armour.
You gain extra lives every three experience levels.


Message History

You see here a +0 dagger.
Items here: ( ) [ รท.
Key pressed, stopping explore.
You can't see any susceptible monsters within range! (Use Z to cast anyway.)
An adder comes into view.
Aim: an adder (asleep, 100% to hit)
The zap hits the adder.
The adder hisses angrily.
Aim: an adder (heavily wounded, 48% to hit)
The zap hits the adder.
Aim: an adder (severely wounded, 48% to hit)
The zap hits the adder.
Aim: an adder (severely wounded, 48% to hit)
The zap hits the adder.
You kill the adder!
Vehumet accepts your kill.
You can't see any susceptible monsters within range! (Use Z to cast anyway.)
A goblin comes into view. It is wielding a +0 dagger.
A goblin is nearby!
A goblin is nearby!
Aim: a goblin, wielding a +0 dagger (asleep, 100% to hit)
The zap hits the goblin.
The goblin shouts!
A goblin is nearby!
Aim: a goblin, wielding a +0 dagger (moderately wounded, 60% to hit)
The zap hits the goblin.
You kill the goblin!
Vehumet accepts your kill.
You see here a +0 dagger.
You see here a +0 dagger.
Done exploring.
You can't see any susceptible monsters within range! (Use Z to cast anyway.) Done exploring.
You can't see any susceptible monsters within range! (Use Z to cast anyway.) Done exploring.
You can't see any susceptible monsters within range! (Use Z to cast anyway.) Done exploring.
You can't see any susceptible monsters within range! (Use Z to cast anyway.) Done exploring.
There is a stone staircase leading down here.
You climb downwards.
There is a stone staircase leading up here.
There are monsters nearby!
The gnoll shouts! x4; You hear an angry hiss.
The gnoll hits you with a +0 flail!
Ouch! That really hurt!
* * * LOW HITPOINT WARNING * * *
The gnoll misses you. x2
The gnoll hits you from afar with a +3 spear.
You die...

#.###
..S...#######
#g.@g...#
###g###.# .#g
.. #. #.. ..
#.# .. #. ...
#. ...


You could see 4 gnolls and an adder.

Vanquished Creatures
  2 adders (D:2)
  A dart slug (D:2)
  A bat (D:1)
  2 endoplasms
  A giant cockroach (D:2)
  8 goblins
  A hobgoblin (D:1)
  2 jackals (D:1)
  5 kobolds
  A quokka (D:1)
  3 ball pythons
  A frilled lizard (D:1)
  3 rats (D:1)
31 creatures vanquished.

Notes
Turn   | Place    | Note
-------+----------+-------------------------------------------
     0 | D:1      | vurker the Felid Air Elementalist began the quest for the
                  | Orb.
     0 | D:1      | Reached XP level 1. HP: 7/7 MP: 4/4
   280 | D:1      | Reached skill level 1 in Conjurations
   336 | D:1      | Reached XP level 2. HP: 12/12 MP: 3/6
   589 | D:1      | Found a faded altar of an unknown god.
   844 | D:1      | Reached skill level 3 in Air Magic
  1448 | D:2      | Reached XP level 3. HP: 15/15 MP: 4/7
  1544 | D:2      | Found a radiant altar of Vehumet.
  1586 | D:2      | Became a worshipper of Vehumet
  1668 | D:2      | Reached skill level 1 in Fighting
  2108 | D:3      | Slain by a gnoll

Illustrated notes

Levels and vault maps discovered:
D:1:      lightli_arrival_statuegarden, layout_basic,
          hellmonk_ecumenical_altar_inner_sanctum
D:2:      layout_loops_ring, basic_altar
D:3:      layout_loops_ring, serial_shops, shop_coins, uniq_crazy_yiuf_cottage,
          uniq_grinder

Skill      XL: |  1  2  3 |
---------------+----------+-----
Conjurations   | 1 |  1.3
Air Magic      | 3 |  3.3
Fighting       | 1 |  1.1
Dodging        | |  2.6
Stealth        | |  2.6
Spellcasting   | |  2.7

Action                   || total
-------------------------++-------
Melee: Unarmed           ||    13
       Bite              ||     1
 Cast: Shock             ||    72
 Stab: Sleeping          ||     1
Dodge: Dodged            ||    17

Table legend: (Time is in decaauts)
 A = Elapsed time spent in this place.
 B = Non-inter-level travel time spent in this place.
 C = Inter-level travel time spent in this place.
 D = Time resting spent in this place.
 E = Time spent auto-exploring this place.
 F = Levels seen in this place.
 G = Mean time per level.
                   A        B        C        D        E       F      G
               +--------+--------+--------+--------+--------+-----+--------+
         Total |   1844 |   1804 |     40 |      0 |   1627 |   3 |  614.7 |
       Dungeon |   1844 |   1804 |     40 |      0 |   1627 |   3 |  614.7 |
               +--------+--------+--------+--------+--------+-----+--------+

Top non-repeatable levels by time:
     D:1: 978 daAuts
     D:2: 864 daAuts
     D:3: 0 daAuts
